Map: Deathaura LE

Players

Kas - Winner!

  • Race: Terran Terran
  • Spawn Location: 5:00

MarineLorD

  • Race: Terran Terran
  • League: Master
  • Spawn Location: 11:00

Event: DreamHack SC2 Masters 2020 Winter

VOD

Have the link to the VOD?

Description

Time

  • Played on: Nov. 1, 2020, 12:12 p.m.
  • Length: 12:29

All games in this series

Show
View Real Time Build Order
Export as new Build Order

Kas Terran - Winner!

Build Orders:  

Get SALT Encoding   

  12  0:00  SCV  
  13  0:12  SCV  
  14  0:17  Supply Depot  
  14  0:24  SCV  
  15  0:30  Refinery  
  15  0:38  SCV  
  16  0:44  Barracks  
  16  0:50  SCV  
  16  0:56  Refinery  
  17  1:02  SCV  
  18  1:14  SCV  
  19  1:31  Orbital Command  
  19  1:32  Factory  
  19  1:36  Reaper  
  20  1:44  Supply Depot  
  20  1:56  SCV  
  21  2:08  SCV, Reaper  
  23  2:16  Hellion  
  23  2:21  SCV  
  26  2:26  Command Center  
  26  2:34  SCV  
  27  2:38  Widow Mine  
  27  2:40  Supply Depot  
  27  2:41  Barracks Reactor  
  29  2:46  SCV  
  30  2:55  Starport  
  30  2:58  SCV  
  31  3:00  Factory Tech Lab  
  31  3:10  SCV  
  32  3:17  Marine x2  
  32  3:18  Refinery  
  34  3:20  Cyclone  
  34  3:22  SCV  
  38  3:36  SCV  
  38  3:38  Medivac  
  38  3:40  Orbital Command  
  41  3:45  Marine  
  41  3:46  Marine  
  41  3:48  SCV  
  44  3:59  Supply Depot  
  44  4:00  SCV, Factory Tech Lab  
  45  4:06  SCV  
  45  4:07  Marine  
  47  4:12  SCV, Marine  
  49  4:17  Raven  
  49  4:19  SCV  
  49  4:22  Siege Tank  
  55  4:25  Supply Depot  
  55  4:27  SCV  
  55  4:31  Marine x2  
  57  4:35  SCV  
  57  4:51  Marine x2  
  57  4:52  SCV  
  54  4:53  SCV  
  54  4:58  Siege Tank  
  56  5:02  Command Center  
  56  5:03  Raven  
  56  5:04  SCV  
  56  5:05  SCV  
  60  5:09  Marine x2  
  62  5:16  SCV, Supply Depot  
  62  5:17  SCV  
  64  5:27  Marine x2  
  66  5:28  SCV  
  66  5:29  SCV  
  66  5:34  Supply Depot x2  
  68  5:38  Siege Tank  
  68  5:41  SCV x2  
  73  5:52  Barracks  
  73  5:53  SCV x2  
  73  5:55  Starport Reactor, Stimpack, Marine  
  73  5:56  Barracks  
  76  6:04  Refinery  
  76  6:05  SCV, Engineering Bay  
  76  6:06  Engineering Bay  
  76  6:10  SCV  
  76  6:13  Marine, Siege Tank  
  76  6:18  SCV  
  82  6:19  Orbital Command  
  82  6:22  SCV  
  82  6:30  SCV  
  82  6:31  Marine  
  84  6:33  Terran Infantry Weapons Level 1, Terran Infantry Armor Level 1  
  84  6:34  SCV  
  85  6:40  Supply Depot x2  
  85  6:42  SCV, Marine  
  85  6:43  Starport Reactor, Marine  
  85  6:46  SCV x2  
  87  6:54  SCV  
  78  7:06  Marine x2  
  78  7:07  Marine x2  
  78  7:08  Siege Tank  
  76  7:12  Marine  
  76  7:14  SCV x2  
  78  7:19  SCV, Barracks  
  78  7:21  Armory, Barracks  
  78  7:22  Refinery  
  79  7:24  Marine x3  
  79  7:26  SCV x2  
  79  7:27  Command Center  
  79  7:29  Refinery  
  84  7:31  SCV, Marine x2  
  84  7:33  Medivac  
  84  7:34  Medivac  
  91  7:38  SCV x2  
  91  7:42  Marine x3  
  91  7:43  SCV  
  97  7:49  Marine  
  97  7:50  SCV x2  
  100  7:51  Marine  
  100  7:52  Siege Tank  
  100  7:55  SCV, Combat Shield  
  105  8:00  Marine x2  
  105  8:02  SCV x2, Marine  
  105  8:03  Sensor Tower  
  110  8:07  SCV, Marine  
  110  8:08  Barracks Reactor x2  
  110  8:09  Marine  
  113  8:13  Medivac x2, Factory  
  113  8:18  Marine x2  
  113  8:19  SCV x3, Marine  
  122  8:25  Marine  
  124  8:27  Marine  
  125  8:35  Supply Depot  
  125  8:38  Supply Depot, Marine x3  
  125  8:39  Supply Depot, Siege Tank  
  125  8:40  Planetary Fortress, Supply Depot  
  125  8:41  Supply Depot  
  131  8:42  SCV x2  
  131  8:43  Marine  
  131  8:44  SCV, Marine x4  
  131  8:45  Marine  
  140  8:51  Medivac  
  140  8:55  Terran Infantry Weapons Level 2  
  142  8:56  Marine x3  
  142  8:58  Terran Infantry Armor Level 2  
  142  9:00  Marine, Factory Tech Lab  
  142  9:02  Marine x3  
  148  9:06  Marine  
  150  9:19  Command Center  
  150  9:24  Barracks  
  150  9:26  Marine  
  150  9:27  Marine x8  
  150  9:28  Siege Tank  
  150  9:29  Barracks  
  150  9:30  Barracks, Siege Tank  
  165  9:33  Medivac  
  165  9:34  Medivac  
  169  9:44  Terran Vehicle Weapons Level 1, Marine x7  
  175  9:48  Refinery x2  
  175  9:51  Marine x2  
  177  9:53  Starport x2  
  173  10:02  Marine x7  
  178  10:08  Marine  
  178  10:13  Marine x2  
  176  10:15  Siege Tank x2  
  176  10:17  Medivac x2  
  176  10:20  Marine x2  
  188  10:29  Barracks Reactor, Supply Depot  
  188  10:30  Supply Depot, Marine x7  
  188  10:31  Planetary Fortress, Marine x2  
  187  10:38  Marine x2  
  187  10:39  Starport Reactor  
  187  10:40  Starport Reactor  
  176  10:48  Marine x7  
  176  10:49  Marine x2  
  182  10:50  Siege Tank x2  
  182  10:56  Marine x2  
  175  11:06  Marine x9  
  175  11:07  Marine x2  
  175  11:08  Medivac  
  178  11:14  Marine x2  
  177  11:21  Medivac x2  
  177  11:22  Siege Tank x2  
  177  11:24  Marine x8  
  195  11:28  Medivac x2  
  195  11:29  Marine  
  200  11:40  Barracks Reactor  
  200  11:42  Barracks Reactor  
  200  11:54  Command Center x2  
  200  11:57  Command Center  
  200  12:01  Starport  
  200  12:03  Fusion Core  
  200  12:04  Starport  
  199  12:10  Marine  
  199  12:14  Missile Turret  
  197  12:20  Barracks Reactor  
Show
View Real Time Build Order
Export as new Build Order

MarineLorD Terran 

Build Orders:  

Get SALT Encoding   

  12  0:00  SCV  
  13  0:12  SCV  
  14  0:17  Supply Depot  
  14  0:24  SCV  
  15  0:28  Refinery  
  15  0:38  SCV  
  16  0:44  Barracks  
  16  0:50  SCV  
  17  1:02  SCV  
  18  1:14  SCV  
  18  1:17  Refinery  
  19  1:31  Orbital Command  
  19  1:32  Marine, Factory  
  20  1:40  Supply Depot  
  20  1:50  Reaper  
  21  1:56  SCV  
  22  2:08  SCV  
  23  2:16  Hellion  
  23  2:21  SCV  
  26  2:23  Barracks Reactor  
  26  2:28  Command Center  
  26  2:33  SCV  
  27  2:40  Widow Mine  
  27  2:43  Supply Depot  
  29  2:45  SCV  
  30  2:52  Starport  
  30  2:57  SCV  
  31  3:02  Factory Tech Lab  
  31  3:04  Marine  
  33  3:09  SCV  
  34  3:17  Refinery  
  34  3:21  SCV  
  34  3:22  Cyclone  
  37  3:27  Marine x2  
  37  3:30  Starport Tech Lab  
  39  3:40  SCV  
  40  3:43  Orbital Command  
  39  3:48  Marine  
  39  3:49  Marine  
  39  3:50  Raven  
  39  3:52  SCV  
  44  3:56  Siege Tank  
  47  4:04  SCV  
  47  4:06  Marine x2  
  47  4:08  SCV  
  51  4:11  Supply Depot  
  51  4:16  SCV  
  52  4:20  SCV  
  52  4:22  Supply Depot  
  53  4:25  Supply Depot  
  54  4:32  Siege Tank  
  54  4:33  SCV  
  54  4:34  SCV  
  54  4:35  Raven  
  60  4:46  SCV x2  
  62  4:58  SCV x2, Marine  
  64  5:01  Command Center, Marine  
  65  5:09  Siege Tank  
  65  5:12  SCV  
  65  5:13  SCV  
  70  5:15  Refinery  
  70  5:17  Supply Depot  
  70  5:24  SCV  
  70  5:25  SCV  
  70  5:28  Viking  
  74  5:29  Viking  
  76  5:36  Supply Depot  
  76  5:39  SCV  
  76  5:40  SCV  
  76  5:41  Siege Tank  
  81  5:44  Marine  
  81  5:48  Supply Depot  
  82  5:51  SCV  
  82  5:52  SCV  
  82  5:53  Stimpack  
  84  5:58  Viking  
  84  5:59  Viking  
  84  6:03  SCV  
  89  6:04  SCV  
  88  6:14  Orbital Command  
  88  6:15  Marine  
  88  6:18  Siege Tank  
  92  6:21  Barracks  
  92  6:24  SCV  
  92  6:25  SCV, Barracks  
  94  6:31  Orbital Command  
  94  6:32  Viking  
  96  6:33  Viking  
  96  6:38  Marine  
  99  6:45  Engineering Bay  
  99  6:46  SCV x2  
  101  6:48  Engineering Bay  
  92  6:58  SCV  
  76  7:01  SCV x2  
  76  7:03  Siege Tank  
  76  7:04  Viking  
  76  7:07  Marine  
  78  7:11  SCV  
  78  7:13  SCV x2  
  79  7:17  Terran Infantry Weapons Level 1, Terran Infantry Armor Level 1  
  79  7:22  Barracks Reactor x2  
  79  7:23  SCV  
  79  7:25  SCV x2  
  79  7:27  Marine  
  83  7:32  Combat Shield, Refinery x2  
  83  7:35  SCV  
  84  7:37  SCV  
  84  7:38  SCV, Medivac x2  
  90  7:45  Barracks  
  90  7:46  Siege Tank  
  90  7:47  SCV, Barracks  
  90  7:50  SCV x2  
  96  7:55  Marine  
  97  7:59  SCV  
  97  8:02  SCV x2  
  97  8:04  Marine x4  
  97  8:05  Supply Depot  
  104  8:11  SCV  
  105  8:13  Marine  
  105  8:14  SCV x2, Supply Depot, Sensor Tower  
  105  8:15  Armory  
  105  8:17  Medivac x2  
  112  8:21  Supply Depot  
  112  8:22  Marine x4  
  112  8:24  Supply Depot  
  116  8:30  Marine  
  116  8:31  Siege Tank  
  118  8:34  Command Center  
  118  8:35  SCV  
  118  8:40  Marine x3  
  122  8:41  Barracks Reactor  
  122  8:43  Marine  
  122  8:44  Barracks Reactor  
  123  8:48  Marine  
  123  8:52  Factory  
  123  8:53  Viking x2  
  128  8:58  Marine x3  
  128  9:01  Marine  
  133  9:02  SCV x2  
  133  9:04  Terran Vehicle Weapons Level 1, Supply Depot  
  133  9:06  Supply Depot, Marine  
  134  9:14  Terran Infantry Armor Level 2, Terran Infantry Weapons Level 2  
  134  9:15  Marine  
  134  9:16  Marine x2  
  137  9:17  Marine x2  
  137  9:19  Marine  
  137  9:20  Supply Depot  
  140  9:24  Viking x2, Marine  
  145  9:33  Marine x2  
  145  9:34  Marine  
  145  9:35  Marine  
  145  9:37  Factory Tech Lab  
  148  9:38  Marine x3  
  148  9:41  Marine  
  148  9:42  Marine  
  148  9:45  Siege Tank  
  155  9:46  SCV x2  
  155  9:51  Marine x3  
  155  9:52  Marine  
  159  9:56  Marine x3  
  159  9:59  Marine x2  
  159  10:09  Marine x3  
  159  10:10  Marine  
  159  10:12  Command Center  
  159  10:14  Marine x3  
  163  10:17  Marine  
  167  10:21  Supply Depot  
  167  10:22  Supply Depot, Marine  
  167  10:27  Marine x3  
  167  10:28  Missile Turret, Marine  
  171  10:31  Supply Depot  
  171  10:32  Supply Depot, Marine x2  
  159  10:36  Liberator x2  
  159  10:38  Marine x2  
  159  10:40  Marine  
  159  10:44  Marine  
  159  10:45  Marine  
  159  10:46  Marine x2  
  159  10:49  SCV x2, Marine  
  143  10:50  Marine  
  143  10:56  Marine  
  143  10:57  Marine  
  128  10:58  Marine  
  128  10:59  SCV  
  128  11:01  SCV  
  128  11:02  Marine  
  128  11:03  Marine  
  128  11:04  Marine x2  
  129  11:05  SCV  
  129  11:07  Marine x2  
  129  11:11  SCV, Siege Tank  
  126  11:14  Marine x2  
  131  11:20  Marine x2  
  131  11:21  Marine  
  134  11:27  Supply Depot  
  134  11:29  SCV  
  134  11:30  Refinery  
  135  11:38  Viking x2  
  139  11:44  SCV  
  139  11:45  SCV  
  141  11:48  Siege Tank  
  141  11:49  Sensor Tower, Siege Tank  
  147  12:04  Marine x6  
  147  12:05  Barracks Reactor, Missile Turret  
  153  12:10  Refinery x2  
  153  12:11  Command Center  
Tags
 
Add a new tag
Caveats
  • Supply blocks, unpowered buildings, or Contaminate may cause inaccurate times.
  • Supply counts are checked every 10 seconds.